 Dungeon Crawl Stone Soup version 0.31-a0-771-g505c3d19dc (webtiles) character file.

Game seed: 9836569461278454993

2215 senseless the Sneak (level 9, -19/38 HPs)
             Began as a Felid Shapeshifter on Sept 16, 2023.
             Was a Follower of Hepliaklqana.
             Killed from afar by a steam dragon (21 damage)
             ... with a ball of steam
             ... on level 6 of the Dungeon.
             The game lasted 00:09:46 (3874 turns).

senseless the Sneak (Felid Shapeshifter)            Turns: 3874, Time: 00:09:50

Health: -19/38     AC:  2    Str: 14    XL:     9   Next: 13%
Magic:  10/10      EV: 23    Int: 11    God:    Hepliaklqana [*.....]
Gold:   192        SH:  0    Dex: 22    Spells: 8/8 levels left
                                        Lives:  0   Deaths: 3

rFire   . .          .
                       - Unarmed
rCold   . . .        (shield unavailable)
rNeg    . . .        (body armour unavailable)
rPois   .            (helmet unavailable)
rElec   .            (cloak unavailable)
rCorr   .            (gloves unavailable)
SInv    +            (boots unavailable)
Will    +....        (no amulet)
Stlth   ++++         j - +6 ring of dexterity
HPRegen 0.26/turn    m - +4 ring of slaying
MPRegen 0.12/turn

%: no passive effects
@: beast-form, studying Fighting, quick
A: beast (slay +3), reduced essence, very small, claws 1, fangs 3, see
invisible, speed 1, shaggy fur 2, stealthy paws, no weapons or thrown items, no
armour, multi-lived
a: Begin Untransformation, Renounce Religion, Recall Ancestor, Ancestor Identity


You were on level 6 of the Dungeon.
You worshipped Hepliaklqana.
Hepliaklqana was aware of your devotion.
You were a hulking beast.
You visited 1 branch of the dungeon, and saw 6 of its levels.
You also visited: Sewer.

You collected 192 gold pieces.

Inventory:

Jewellery
 e - a ring of fire
 j - a +6 ring of dexterity (left paw)
 m - a +4 ring of slaying (right paw)
Talismans
 b - a beast talisman (active)
 c - a flux talisman
Wands
 g - a wand of paralysis (7) (quivered)
Scrolls
 h - a scroll of identify
 l - a scroll of vulnerability
Potions
 a - a potion of curing
 f - 2 potions of magic
 i - a potion of mutation


   Skills:
 + Level 7.5 Fighting
 + Level 7.5 Dodging
 + Level 7.6 Stealth
 + Level 6.1 Unarmed Combat
 + Level 6.4 Shapeshifting


You had 8 spell levels left.
You didn't know any spells.
Your spell library contained the following spells:

 Spells                   Type           Power      Damage    Failure   Level
 Ensorcelled Hibernation  Hex/Ice        0%         N/A       47%         2
 Jinxbite                 Hex            0%         N/A       47%         2
 Anguish                  Hex/Necr       0%         N/A       98%         4


Dungeon Overview and Level Annotations

Branches:
Dungeon (6/15)              Sewer (visited)
 Temple: D:4-7

Altars:
Cheibriados
Dithmenos
Hepliaklqana
Ru
Vehumet
Zin

Shops:
D:3 =


Innate Abilities, Weirdness & Mutations

You are a hulking beast.
Your limbs bulge with bestial killing power. (Slay +3)
Your life essence is reduced to manifest your ancestor. (-10% HP)
You have sharp claws.
You have razor-sharp teeth.
You have supernaturally acute eyesight. (SInv)
You cover ground quickly. (Speed+)
You are covered in thick fur. (AC +2)
Your paws help you pounce on unaware monsters.
You are incapable of wielding weapons or throwing items.
You cannot wear armour.
You gain extra lives every three experience levels.


Message History

The adder is severely wounded.
The adder bites you. The adder completely misses you.
You claw the adder!
You kill the adder!
The steam dragon breathes steam at you.
The ball of steam misses the adder.
The ball of steam hits you.
You claw the adder!
You kill the adder!
You are engulfed in a cloud of scalding steam.
Found 10 gold pieces.
You claw the steam dragon!
The steam dragon is moderately wounded.
The steam dragon breathes steam at you. The ball of steam hits you!!
Ouch! That really hurt!
* * * LOW HITPOINT WARNING * * *
You are too injured to fight recklessly!
You are too injured to fight recklessly!
You are too injured to fight recklessly!
You are too injured to fight recklessly!
You are too injured to fight recklessly!
You are too injured to fight recklessly!
You are too injured to fight recklessly!
You are too injured to fight recklessly!
You are too injured to fight recklessly!
You are too injured to fight recklessly!
You are too injured to fight recklessly!
You are too injured to fight recklessly!
You are too injured to fight recklessly!
You are too injured to fight recklessly!
You are too injured to fight recklessly!
You are too injured to fight recklessly!
You are too injured to fight recklessly!
Blink to where?
Press: ? - help, Dir - move target
As you read the scroll of blinking, it crumbles to dust.
The steam dragon breathes steam at you. The ball of steam hits you!!
Ouch! That really hurt!
You die...

#.# #.## ### # ##
###..#### #.. . .#
#.......# #.#.# .#
#.##.##.# #.#.## .#
#.##.##.###.#..##.#
#.##....##........#
......[.##OD>#.#..##.#
)..###..##§...§§h....#
.>....§.[§§§...#..####
.#..##.###.......$#
.......# #.#......#
#.....## #.......##
#.....# ###...###
......## #...#
.......# #...#
.#...#.##### ..#


There were no monsters in sight!

Vanquished Creatures
  Sigmund (D:3)
  6 yaks (D:6)
  4 vampire mosquitoes (D:5)
  2 black bears
  A centaur (D:5)
  2 bullfrogs (Sewer)
  3 hounds
  A sleepcap (D:5)
  Jessica (D:3)
  An iguana (D:5)
  3 adders
  2 white imps (D:5)
  A dart slug (D:1)
  2 worms (D:3)
  An orc (D:5)
  9 endoplasms
  9 giant cockroaches
  5 goblins
  11 hobgoblins
  2 jackals (D:2)
  7 quokkas
  7 ball pythons
  8 bats
  10 frilled lizards
  4 kobolds
  10 rats
113 creatures vanquished.

Notes
Turn   | Place    | Note
-------+----------+-------------------------------------------
     0 | D:1      | senseless the Felid Shapeshifter began the quest for the
                  | Orb.
     0 | D:1      | Reached XP level 1. HP: 9/9 MP: 2/2
    85 | D:1      | Reached XP level 2. HP: 12/12 MP: 3/3
   107 | D:1      | Found a faded altar of an unknown god.
   228 | D:1      | Reached skill level 1 in Stealth
   695 | D:2      | Reached XP level 3. HP: 15/15 MP: 4/4
  1365 | D:3      | Found a hazy altar of Hepliaklqana.
  1369 | D:3      | Became a worshipper of Hepliaklqana the Forgotten
  1385 | D:3      | Identified a scroll of acquirement
  1385 | D:3      | Acquired a manual of Fighting
  1466 | D:3      | Found a glowing drain.
  1518 | Sewer    | Entered a sewer
  1568 | Sewer    | Reached XP level 4. HP: 18/19 MP: 5/5
  1723 | Sewer    | Noticed a bullfrog
  1723 | Sewer    | Noticed a bullfrog
  1730 | Sewer    | HP: 1/28 [bullfrog (2)]
  1732 | Sewer    | Slain by a bullfrog
  1740 | Sewer    | Killed a bullfrog
  1741 | Sewer    | Reached XP level 5. HP: 7/23 MP: 6/6
  1742 | Sewer    | HP: 1/23 [bullfrog (6)]
  1743 | Sewer    | Slain by a bullfrog
  2279 | D:3      | Noticed Sigmund
  2287 | D:3      | Killed Sigmund
  2288 | D:3      | Gained mutation: You are covered in thick fur. (AC +2)
                  | [Felid growth]
  2288 | D:3      | Reached XP level 6. HP: 28/28 MP: 7/7
  2306 | D:3      | Found Xyoreg's Jewellery Shoppe.
  2331 | D:3      | Noticed Jessica
  2339 | D:3      | Killed Jessica
  2376 | D:3      | You fall into a shaft and drop 2 floors!
  2376 | D:5      | Entered Level 5 of the Dungeon
  2431 | D:4      | Found a snail-covered altar of Cheibriados.
  2432 | D:4      | Found a glowing silver altar of Zin.
  2433 | D:4      | Found a shadowy altar of Dithmenos.
  2454 | D:4      | Reached * piety under Hepliaklqana
  2883 | D:5      | Reached skill level 5 in Dodging
  2883 | D:5      | Reached XP level 7. HP: 29/29 MP: 8/8
  3019 | D:5      | Noticed a vampire mosquito
  3058 | D:5      | Noticed a vampire mosquito
  3072 | D:5      | Killed a vampire mosquito
  3073 | D:5      | Reached skill level 5 in Fighting
  3073 | D:5      | Reached skill level 5 in Stealth
  3073 | D:5      | Reached skill level 5 in Shapeshifting
  3078 | D:5      | Noticed a vampire mosquito
  3079 | D:5      | Noticed a vampire mosquito
  3089 | D:5      | Killed a vampire mosquito
  3092 | D:5      | Killed a vampire mosquito
  3093 | D:5      | Reached skill level 5 in Unarmed Combat
  3093 | D:5      | Reached XP level 8. HP: 13/33 MP: 9/9
  3096 | D:5      | Mangled by a vampire mosquito
  3303 | D:5      | Found a radiant altar of Vehumet.
  3736 | D:6      | Found a sacrificial altar of Ru.
  3787 | D:6      | Reached XP level 9. HP: 19/38 MP: 10/10
  3874 | D:6      | Killed from afar by a steam dragon

Illustrated notes

Levels and vault maps discovered:
D:1:      lightli_arrival_flooded_house, layout_loops_cross,
          shapermc_ecumenical_altar_venn
D:2:      layout_basic, serial_curves, eino_curves_01, eino_curves_02,
          skrybe_limestone_x
D:3:      layout_basic, mainiacjoe_overflow_alcove_1, serial_shops,
          nicolae_shop_pleasant_corner_grove, cheibrodos_sewer_entry_bend,
          uniq_sigmund, uniq_jessica
D:4:      layout_rooms, chequers_temple_overflow_statue_of_worship
D:5:      layout_basic, nicolae_vehumet_radiance
D:6:      layout_loops_cross, nicolae_ru_the_path_less_chosen,
          minmay_temple_entry_glassed_door, corexii_item_surrounded_by_moat,
          minmay_tree_intersection

Skill      XL: |  1  2  3  4  5  6  7  8 |
---------------+-------------------------+-----
Dodging        | 3 4 5 7 |  7.5
Stealth        | 1 2 3 4 5 7 |  7.6
Fighting       | 2 3 4 5 7 |  7.5
Shapeshifting  | 4 5 6 |  6.4
Unarmed Combat | 4 5 6 |  6.1

Action                     |  1- 3 |  4- 6 |  7- 9 || total
---------------------------+-------+-------+-------++-------
  Melee: Unarmed           |   129 |    99 |    90 ||   318
         Bite              |     6 |     4 |    13 ||    23
         Punch             |       |     1 |     7 ||     8
  Evoke: Wand              |       |     1 |       ||     1
    Use: Scroll            |     5 |     4 |     2 ||    11
         Potion            |       |     3 |       ||     3
   Stab: Sleeping          |     8 |     4 |     2 ||    14
         Paralysed         |       |     2 |       ||     2
         Distracted        |       |     1 |       ||     1
 Armour: Skin              |    15 |    40 |    40 ||    95
  Dodge: Dodged            |    87 |    77 |    75 ||   239

Table legend: (Time is in decaauts)
 A = Elapsed time spent in this place.
 B = Non-inter-level travel time spent in this place.
 C = Inter-level travel time spent in this place.
 D = Time resting spent in this place.
 E = Time spent auto-exploring this place.
 F = Levels seen in this place.
 G = Mean time per level.
                   A        B        C        D        E       F      G
               +--------+--------+--------+--------+--------+-----+--------+
         Total |   3366 |   3259 |    107 |     70 |   2403 |   7 |  480.9 |
       Dungeon |   2728 |   2621 |    107 |     59 |   1996 |   6 |  454.7 |
         Sewer |    637 |    637 |      0 |     11 |    407 |   1 |  637.0 |
               +--------+--------+--------+--------+--------+-----+--------+

Top non-repeatable levels by time:
   Sewer: 637 daAuts
     D:5: 602 daAuts
     D:1: 566 daAuts
     D:2: 537 daAuts
     D:3: 462 daAuts
     D:6: 324 daAuts
     D:4: 235 daAuts
